Map: Ulrena

Players

Joe - Winner!

  • Race: Zerg Zerg
  • League: Silver

lesha

  • Race: Terran Terran
  • League: Silver

VOD

Have the link to the VOD?

Description

Time

  • Played on: Dec. 22, 2015, 10:53 a.m.
  • Length: 4:55
Show
View Real Time Build Order
Export as new Build Order

Joe Zerg - Winner!

Build Orders: Pool First, Zergling Baneling 

Get SALT Encoding   

  12  0:02  Drone  
  13  0:13  Overlord  
  13  0:18  Drone  
  13  0:20  Extractor  
  13  0:24  Drone  
  14  0:42  Spawning Pool  
  14  0:47  Drone  
  14  0:50  Drone  
  14  0:55  Drone  
  16  1:01  Drone  
  17  1:09  Drone  
  18  1:20  Drone  
  19  1:29  Metabolic Boost  
  19  1:31  Queen  
  21  1:33  Zergling x2  
  22  1:41  Overlord  
  22  1:53  Baneling Nest  
  21  1:56  Drone  
  22  2:05  Drone  
  23  2:21  Zergling x2  
  24  2:24  Hatchery  
  24  2:27  Zergling x2  
  24  2:33  Queen  
  25  2:58  Zergling x6  
  26  2:59  Zergling x2  
  29  3:13  Zergling x2  
  29  3:14  Overlord  
  30  3:24  Baneling  
  30  3:25  Baneling x10  
  30  3:35  Zergling x2  
  30  3:36  Zergling x4  
  33  3:43  Zergling x2  
  33  3:44  Zergling x6  
  32  4:20  Zergling x2  
  32  4:21  Zergling x20  
Show
View Real Time Build Order
Export as new Build Order

lesha Terran 

Build Orders:  

Get SALT Encoding   

  12  0:01  SCV  
  13  0:13  SCV  
  14  0:18  Supply Depot  
  14  0:25  SCV  
  15  0:40  SCV  
  16  0:43  Barracks  
  16  0:51  Refinery  
  16  0:52  SCV  
  17  1:04  SCV  
  18  1:16  SCV  
  19  1:28  SCV  
  20  1:33  Command Center  
  20  1:40  Marine  
  20  1:42  SCV  
  22  1:54  Orbital Command  
  22  2:02  Factory  
  22  2:05  Marine  
  23  2:14  Supply Depot  
  23  2:35  Marine  
  23  2:36  SCV  
  25  2:48  SCV, Orbital Command  
  26  2:51  Factory Tech Lab  
  26  2:53  Marine  
  27  2:59  Starport  
  27  3:03  SCV, Barracks  
  28  3:09  Refinery  
  28  3:14  Bunker  
  28  3:15  SCV  
  29  3:32  Siege Tank  
  32  3:43  SCV  
  32  3:45  Supply Depot, Barracks, SCV  
  32  3:47  Supply Depot  
  34  3:50  Barracks Reactor  
  29  4:20  Marine  
Tags
 
Add a new tag
Caveats
  • Supply blocks, unpowered buildings, or Contaminate may cause inaccurate times.
  • Supply counts are checked every 10 seconds.